 Dungeon Crawl Stone Soup version 0.29.1-15-g9cfb28693d (webtiles) character file.

Game seed: 14294596056100042214

1360 Heoruswealwe the Transmogrifier (level 8, 0/41 HPs)
             Began as a Deep Elf Earth Elementalist on Mar 20, 2023.
             Slain by an orc priest
             ... wielding a +2 short sword of flaming
              (1 damage)
             ... on level 6 of the Dungeon.
             The game lasted 01:00:30 (4571 turns).

Heoruswealwe the Transmogrifier (DEEE)              Turns: 4571, Time: 01:00:30

Health: 0/41       AC:  4    Str:  5    XL:     8   Next: 37%
Magic:  12/20      EV: 12    Int: 23    God:
Gold:   1362       SH:  0    Dex: 15    Spells: 7/21 levels left

rFire   . . .      SeeInvis .   a - +2 short sword (speed)
rCold   . . .      Faith    .   (no shield)
rNeg    . . .      Spirit   .   n - +0 robe
rPois   .          Reflect  .   t - +0 helmet
rElec   .          Harm     .   c - scarf {+Inv}
rCorr   .          Rampage  .   (no gloves)
Will    .....                   d - +0 pair of boots
Stlth   ++........              (no amulet)
HPRegen 0.13/turn               (no ring)
MPRegen 0.17/turn               (no ring)

@: no status effects
A: no striking features
a: Evoke Invisibility


You were on level 6 of the Dungeon.
You visited 1 branch of the dungeon, and saw 6 of its levels.
You also visited: Sewer.

You collected 1362 gold pieces.

Inventory:

Hand Weapons
 a - a +2 short sword of speed (weapon)
 z - a +0 hand axe
Armour
 b - a +0 robe
 c - a scarf of invisibility (worn)
 d - a +0 pair of boots (worn)
 n - a +0 robe (worn)
 t - a +0 helmet (worn)
 u - a +0 robe
 v - a +0 robe
 y - a +1 robe of resistance
Magical Staves
 r - a staff of air
Scrolls
 g - 4 scrolls of teleportation
 s - a scroll of blinking
 w - a scroll of identify
 x - a scroll of noise {unknown}
Potions
 e - 4 potions of magic
 f - a potion of brilliance
 h - 4 potions of lignification
 i - a potion of invisibility
 j - a potion of haste
 k - 2 potions of cancellation {unknown}
 l - a potion of might
 m - 3 potions of curing
 o - 2 potions of heal wounds {unknown}
 p - a potion of flight
 q - 2 potions of mutation {unknown}


   Skills:
 - Level 2.4 Dodging
 - Level 2.4 Stealth
 + Level 7.3 Spellcasting
 * Level 8.0 Transmutations
 + Level 6.5 Earth Magic


You had 7 spell levels left.
You knew the following spells:

 Your Spells              Type           Power      Damage    Failure   Level
a - Sandblast             Erth           76%        2d16      1%          1
b - Passwall              Tmut/Erth      34%        N/A       1%          2
c - Stone Arrow           Conj/Erth      46%        3d9       6%          3
d - Petrify               Tmut/Erth      41%        N/A       3%          4
e - Animate Armour        Summ/Erth      46%        N/A       21%         4

Your spell library contained the following spells:

 Spells                   Type           Power      Damage    Failure   Level
 Freeze                   Ice            32%        1d5       8%          1
 Necrotise                Necr           32%        1d5       8%          1
 Sublimation of Blood     Necr           8%         N/A       12%         2
 Frozen Ramparts          Ice            16%        1d3       22%         3
 Inner Flame              Hex/Fire       8%         N/A       22%         3
 Vampiric Draining        Necr           8%         2d6       22%         3
 Animate Dead             Necr           8%         N/A       58%         4
 Cause Fear               Hex            4%         N/A       58%         4
 Hailstorm                Conj/Ice       8%         3d4       58%         4
 Dragon Form              Tmut           22%        N/A       93%         7
 Discord                  Hex            4%         N/A       100%        8
 Lehudib's Crystal Spear  Conj/Erth      11%        10d4      100%        8
 Dragon's Call            Summ           4%         N/A       100%        9


Dungeon Overview and Level Annotations

Branches:
Dungeon (6/15)              Sewer (visited)
 Temple: D:4-7

Altars:
Kikubaaqudgha
Uskayaw


Message History

The blast of sand hits the howler monkey!!
You kill the howler monkey!
The orc wizard shouts!
The orc shouts!
You hear a shout!
The blast of sand hits the orc wizard.
The orc wizard is moderately wounded.
The orc wizard casts a spell at you.
You easily resist.
The orc priest calls upon Beogh to heal the orc wizard.
The orc wizard's wounds heal themselves!
The blast of sand hits the orc!
You kill the orc!
The orc priest casts a cantrip, but nothing happens.
The blast of sand hits the orc wizard!!
You kill the orc wizard!
Your Transmutations skill increases to level 8!
The blast of sand hits the orc wizard!!
You kill the orc wizard!
The blast of sand hits the orc priest!
The orc priest is heavily wounded.
The orc priest mumbles some strange prayers to Beogh against you.
Beogh smites you!
The blast of sand hits the orc priest.
The orc priest is severely wounded.
The blast of sand hits the orc priest but does no damage.
The orc priest is severely wounded.
The orc priest hits you with a +2 short sword of flaming.
The orc priest burns you.
The blast of sand hits the orc priest.
The orc priest is almost dead.
The orc priest mumbles some strange prayers to Beogh against you.
You struggle to resist.
The blast of sand hits the orc priest but does no damage.
The orc priest is almost dead.
The orc priest mumbles some strange prayers to Beogh against you.
Beogh smites you!
* * * LOW HITPOINT WARNING * * *
The orc priest hits you with a +2 short sword of flaming.
* * * LOW HITPOINT WARNING * * *
The orc priest burns you.
You die...

).....####..# .....##
#..# ...### #..##
#### ##...### ## #
###......#####... ##
#............... .#
#.............###
...##.............###
#....#.....<....@..†#
##.............o....#
.#............)...#
##....?)....)..$..#
#............<....
#................
#...............
##.............


You could see an orc priest.

Vanquished Creatures
  A troll (D:5)
  Edmund (D:5)
  Duvessa (D:6)
  2 kobold brigands
  3 scorpions
  Dowan (D:6)
  A howler monkey (D:6)
  3 hounds (D:4)
  2 jellies
  4 orc wizards (D:6)
  5 gnolls
  6 adders
  4 river rats (D:4)
  A shadow imp (D:5)
  An ufetubus (D:6)
  2 worms (D:4)
  2 dart slugs
  15 orcs
  5 ball pythons
  3 endoplasms
  5 giant cockroaches
  9 goblins
  7 hobgoblins
  6 jackals
  25 kobolds
  4 quokkas
  5 bats
  5 frilled lizards
  8 rats
137 creatures vanquished.

Vanquished Creatures (others)
  4 fungi (Sewer)
  30 plants (Sewer)
34 creatures vanquished.

Grand Total: 171 creatures vanquished

Notes
Turn   | Place    | Note
-------+----------+-------------------------------------------
     0 | D:1      | Heoruswealwe the Deep Elf Earth Elementalist began the
                  | quest for the Orb.
     0 | D:1      | Reached XP level 1. HP: 10/10 MP: 6/6
    56 | D:1      | Reached XP level 2. HP: 15/15 MP: 6/8
    99 | D:1      | Reached skill level 2 in Transmutations
   135 | D:1      | You fall into a shaft and drop 1 floor!
   159 | D:2      | Found a hide-covered altar of Uskayaw.
   493 | D:1      | Learned a level 2 spell: Passwall
   763 | D:1      | Reached XP level 3. HP: 19/19 MP: 7/10
   872 | D:1      | Learned a level 3 spell: Stone Arrow
  1611 | D:3      | Reached skill level 3 in Transmutations
  1747 | D:3      | Reached XP level 4. HP: 21/24 MP: 7/11
  1828 | D:3      | Found a faded altar of an unknown god.
  1831 | D:3      | Prayed at the altar of an unknown god.
  1831 | D:3      | Became a worshipper of Kikubaaqudgha
  1831 | D:3      | Reached * piety under Kikubaaqudgha
  1831 | D:3      | Received a gift from Kikubaaqudgha
  1832 | D:3      | Fell from the grace of Kikubaaqudgha
  1966 | D:4      | Found a glowing drain.
  1999 | Sewer    | Entered a sewer
  2018 | Sewer    | Noticed a kobold brigand
  2026 | Sewer    | Killed a kobold brigand
  2027 | Sewer    | Reached skill level 4 in Transmutations
  2027 | Sewer    | Reached XP level 5. HP: 22/28 MP: 6/13
  2904 | D:4      | Reached XP level 6. HP: 27/32 MP: 7/15
  2915 | D:4      | Identified 2 scrolls of acquirement
  2917 | D:4      | Acquired 943 gold pieces
  2919 | D:4      | Acquired a book of Hexes
  2926 | D:4      | Learned a level 4 spell: Petrify
  2940 | D:4      | Reached skill level 5 in Spellcasting
  2946 | D:4      | Reached skill level 5 in Transmutations
  3296 | D:4      | Learned a level 4 spell: Animate Armour
  3300 | D:5      | Entered Level 5 of the Dungeon
  3304 | D:5      | Reached skill level 5 in Earth Magic
  3319 | D:5      | Noticed a troll
  3327 | D:5      | Killed a troll
  3328 | D:5      | Reached skill level 6 in Transmutations
  3328 | D:5      | Reached XP level 7. HP: 36/36 MP: 9/18
  3328 | D:5      | Noticed Edmund
  3338 | D:5      | Killed Edmund
  4227 | D:6      | Reached skill level 7 in Transmutations
  4323 | D:6      | Reached XP level 8. HP: 33/41 MP: 14/19
  4462 | D:6      | Noticed Dowan
  4462 | D:6      | Noticed Duvessa
  4479 | D:6      | Killed Duvessa
  4499 | D:6      | Killed Dowan
  4566 | D:6      | Reached skill level 8 in Transmutations
  4571 | D:6      | HP: 1/41 [orc priest/+2 short sword of flaming (5)]
  4571 | D:6      | Slain by an orc priest

Illustrated notes

Levels and vault maps discovered:
D:1:      nicolae_arrival_somewhat_less_tricky_arrival, layout_loops_ring,
          kennysheep_small_spiral
D:2:      layout_basic, basic_altar
D:3:      layout_basic, shapermc_ecumenical_altar_mp_vishouse
D:4:      layout_loops_ring, portal_sewer_entry_e, dk_noncrumbling_2
D:5:      layout_cave_pods, uniq_edmund
D:6:      wander_river, layout_cave_pods, uniq_menkaure, uniq_eustachio,
          uniq_duvessa

Skill      XL: |  1  2  3  4  5  6  7  8 |
---------------+-------------------------+-----
Transmutations | 2 3 4 6 7 8 |  8.0
Earth Magic    | 4 5 6 |  6.5
Spellcasting   | 4 6 7 |  7.3
Dodging        | |  2.4
Stealth        | |  2.4

Action                   |  1- 3 |  4- 6 |  7- 9 || total
-------------------------+-------+-------+-------++-------
Melee: Short sword       |       |   204 |       ||   204
 Cast: Sandblast         |    48 |   119 |    57 ||   224
       Passwall          |       |       |     2 ||     2
Invok: Renounce Religion |       |     1 |       ||     1
  Use: Scroll            |     8 |     9 |     1 ||    18
       Potion            |       |     2 |       ||     2
Armor: Robe              |     2 |    12 |     2 ||    16
       Skin              |       |     7 |     3 ||    10
Dodge: Dodged            |     3 |    44 |    13 ||    60
